 Dungeon Crawl Stone Soup version 0.21-a0-297-ga3d34c2 (webtiles) character file.

13402 pichaelthompson the Fighter (level 11, -5/89 HPs)
             Began as a Demonspawn Berserker on Sept 28, 2017.
             Was a High Priest of Trog.
             Slain by a manticore (10 damage)
             ... on level 12 of the Dungeon.
             The game lasted 00:35:14 (13012 turns).

pichaelthompson the Fighter (Demonspawn Berserker) Turns: 13012, Time: 00:35:16

Health: -5/89      AC: 26    Str: 17    XL:     11   Next: 75%
Magic:  11/11      EV: 15    Int: 15    God:    Trog [*****.]
Gold:   685        SH: 13    Dex: 22    Spells: 10/10 levels left

rFire    . . .     SeeInvis .   I - +3 falchion (protect)
rCold    . . .     Gourm    .   E - +0 buckler
rNeg     . . .     Faith    +   K - +0 plate armour
rPois    .         Spirit   .   F - +1 hat
rElec    .         Reflect  .   y - +0 cloak
rCorr    .         Harm     .   s - +0 pair of gloves
MR       .....                  T - +1 pair of boots
Stlth    ..........             V - amulet of faith
HPRegen  0.24/turn              d - +5 ring of intelligence
MPRegen  0.12/turn              u - +2 ring of intelligence

@: agile, protection aura, berserk cooldown, slowed, studying Crossbows, very
slow
A: hooves 2, large bone plates 2, powered by pain 1, rot immunity
a: Berserk, Trog's Hand, Brothers in Arms, Burn Spellbooks, Renounce Religion


You were on level 12 of the Dungeon.
You worshipped Trog.
Trog was extremely pleased with you.
You were near starving.

You visited 1 branch of the dungeon, and saw 12 of its levels.

You collected 685 gold pieces.

Inventory:

Hand Weapons
 I - a +3 falchion of protection (weapon)
Armour
 s - a +0 pair of gloves (worn)
 y - a +0 cloak (worn)
 E - a +0 buckler (worn)
 F - a +1 hat (worn)
 K - a +0 plate armour (worn)
 T - a +1 pair of boots (worn)
Jewellery
 a - an uncursed ring of protection from cold
 d - a +5 ring of intelligence (left hand)
 u - a +2 ring of intelligence (right hand)
 V - an amulet of faith (around neck)
Wands
 b - a wand of random effects (19/48)
 l - a wand of confusion (24/48)
 r - a wand of flame (26/48)
 t - a wand of flame (15/48)
 w - a wand of random effects (23/48)
 x - a wand of polymorph (15/24)
 H - a wand of paralysis (11/24)
 L - a wand of random effects (29/48)
 N - a wand of random effects (29/48)
 P - a wand of random effects (6/48)
 R - a wand of paralysis (7/24)
 U - a wand of polymorph (19/24)
Scrolls
 n - a scroll of enchant weapon
 o - 2 scrolls of fog
 q - 7 scrolls of remove curse
 z - 2 scrolls of blinking {unknown}
 B - 3 scrolls of teleportation
 D - 4 scrolls of magic mapping
 G - 3 scrolls of enchant armour {unknown}
 Q - a scroll of torment {unknown}
Potions
 e - a potion of experience
 f - 2 potions of magic {unknown}
 g - 2 potions of agility
 j - 3 potions of brilliance
 k - 5 potions of curing
 m - 5 potions of might
 p - 2 potions of lignification
 v - 7 potions of heal wounds
 A - 2 potions of cancellation
 J - 3 potions of haste
 M - a potion of berserk rage
Books
 O - a manual of Crossbows
Comestibles
 c - 5 bread rations
 h - 24 fruits
 i - 9 meat rations
 C - 3 chunks of flesh


   Skills:
 * Level 9.1 Fighting
 + Level 7.6 Long Blades
   Level 1.5(2.9) Polearms
   Level 3.8(4.0) Staves
 * Level 2.4 Crossbows
 * Level 8.3 Armour
 * Level 7.0 Dodging
 + Level 1.5 Stealth
 * Level 7.7 Shields


You had 10 spell levels left.
You didn't know any spells.

Dungeon Overview and Level Annotations

Branches:
Dungeon (12/15)            Temple (0/1) D:7            Lair (0/6) D:11
    Orc (0/2) D:9

Altars:
Cheibriados
Makhleb


Innate Abilities, Weirdness & Mutations

You have hoof-like feet.
You are mostly covered in large bone plates. (SH +6)
You sometimes gain a little power by taking damage.
You are immune to rotting.


Message History

* * * LOW HITPOINT WARNING * * *
The manticore barely misses you. The manticore closely misses you.
You block the manticore's attack. x2; The manticore closely misses you.
You hit the manticore.
The manticore is heavily wounded.
The manticore bites you.
* * * LOW HITPOINT WARNING * * *
The manticore completely misses you.
The manticore claws you but does no damage.
You hit the manticore but do no damage.
The manticore is heavily wounded.
The manticore bites you but does no damage.
You block the manticore's attack. x2
You hit the manticore.
The manticore is heavily wounded.
The manticore bites you.
* * * LOW HITPOINT WARNING * * *
The manticore claws you but does no damage.
The manticore misses you. The manticore bites you!
You die...

.........>#
#....##.#.#
#######.#.##
# #........#
# #.###)#..#
###........#
.....##.##.#
#
####.##.##.#
#.#### #
#........#
#rH@)# #
#..##.####
####)# .
#..##.#######
#.#
#...........#
#)#
#...#.#####.#
#.# ......#.#
#.# #.# .####
#.# #.# #.#
#.# #.# #.# #
#.# #.# #.#


You could see a manticore and a quokka.

Vanquished Creatures
  Fannar (D:11)
  A two-headed ogre (D:11)
  Urug (D:11)
  2 ugly things (D:11)
  2 manticores
  A hippogriff (D:7)
  Grinder (D:3)
  3 trolls
  3 slime creatures (D:12)
  6 yaks (D:9)
  A vampire (D:11)
  A wraith (D:11)
  A hungry ghost (D:8)
  A steam dragon (D:11)
  An acid dragon (D:11)
  Duvessa (D:6)
  A water moccasin (D:10)
  5 orc warriors
  3 porcupines (D:11)
  2 phantoms
  2 eyes of draining
  2 sky beasts
  2 black bears
  2 ice beasts
  8 ogres
  A crocodile (D:12)
  3 centaurs
  3 big kobolds
  14 bullfrogs
  A wyvern skeleton (D:11)
  Dowan (D:6)
  9 scorpions
  5 wights (D:12)
  6 crimson imps
  3 howler monkeys
  A centaur skeleton (D:11)
  2 hounds
  2 jellies
  Crazy Yiuf (D:2)
  10 orc priests
  2 iguanas
  16 orc wizards
  4 bullfrog skeletons
  A gnoll shaman (D:6)
  8 worker ants
  A howler monkey zombie (D:6)
  2 worker ant zombies
  12 gnolls
  A howler monkey skeleton (D:4)
  10 adders
  2 shadow imps
  An ooze (D:1)
  An adder skeleton (D:7)
  An adder zombie (D:7)
  2 worms
  A dart slug (D:4)
  5 leopard geckos
  60 orcs
  A bat skeleton (D:2)
  11 giant cockroaches
  2 goblins
  6 hobgoblins
  3 jackals (D:9)
  12 kobolds
  4 quokkas
  A ball python (D:1)
  3 bats (D:1)
  3 frilled lizards
  A quokka skeleton (D:4)
  3 rats
296 creatures vanquished.

Vanquished Creatures (others)
  A komodo dragon (D:11)
  An orc (D:3)
  10 fungi (D:11)
  3 plants (D:11)
15 creatures vanquished.

Grand Total: 311 creatures vanquished

Notes
Turn   | Place    | Note
-------+----------+-------------------------------------------
     0 | D:1      | pichaelthompson the Demonspawn Berserker began the quest for the Orb.
     0 | D:1      | Reached XP level 1. HP: 18/18 MP: 1/1
   269 | D:1      | Gained mutation: You are partially covered in large bone plates. (SH +4) [demonic ancestry]
   269 | D:1      | Reached XP level 2. HP: 24/24 MP: 2/2
   856 | D:1      | You fall through a shaft!
   903 | D:2      | Noticed an ice beast
   912 | D:2      | Killed an ice beast
   912 | D:2      | Reached skill level 4 in Fighting
   912 | D:2      | Gained mutation: You sometimes gain a little power by taking damage. [demonic ancestry]
   912 | D:2      | Reached XP level 3. HP: 30/30 MP: 3/3
   912 | D:2      | Reached XP level 4. HP: 37/37 MP: 4/4
  1224 | D:2      | Found a faded altar of an unknown god.
  1682 | D:2      | Reached XP level 5. HP: 42/42 MP: 5/5
  1724 | D:2      | Found a runed door.
  1728 | D:2      | Noticed Crazy Yiuf
  1733 | D:2      | Killed Crazy Yiuf
  2111 | D:1      | Reached ** piety under Trog
  2514 | D:3      | Noticed Grinder
  2535 | D:3      | Killed Grinder
  2535 | D:3      | Reached skill level 1 in Staves
  2535 | D:3      | Reached skill level 1 in Stealth
  2535 | D:3      | Reached XP level 6. HP: 50/50 MP: 6/6
  2759 | D:3      | Reached skill level 5 in Fighting
  2759 | D:3      | Gained mutation: You are mostly covered in large bone plates. (SH +6) [demonic ancestry]
  2759 | D:3      | Reached XP level 7. HP: 37/56 MP: 7/7
  3384 | D:4      | Found a snail-covered altar of Cheibriados.
  4294 | D:5      | Entered Level 5 of the Dungeon
  4335 | D:5      | Reached *** piety under Trog
  4699 | D:5      | Gained mutation: You have large cloven feet. [demonic ancestry]
  4699 | D:5      | Reached XP level 8. HP: 62/64 MP: 8/8
  5089 | D:5      | Reached skill level 1 in Shields
  5188 | D:5      | Found a burning altar of Makhleb.
  5486 | D:6      | Reached skill level 6 in Fighting
  5728 | D:6      | Noticed Duvessa
  5729 | D:6      | Noticed Dowan
  5740 | D:6      | Killed Duvessa
  5740 | D:6      | Reached skill level 5 in Armour
  5748 | D:6      | Killed Dowan
  5748 | D:6      | Reached skill level 1 in Polearms
  6334 | D:6      | Gained mutation: You have hoof-like feet. [demonic ancestry]
  6334 | D:6      | Reached XP level 9. HP: 57/71 MP: 9/9
  6675 | D:7      | Reached **** piety under Trog
  7054 | D:7      | Reached skill level 7 in Fighting
  7343 | D:7      | Found a staircase to the Ecumenical Temple.
  7577 | D:7      | Reached skill level 5 in Dodging
  8172 | D:8      | Reached skill level 5 in Long Blades
  8552 | D:9      | Noticed a troll
  8561 | D:9      | Killed a troll
  8675 | D:9      | Found a staircase to the Orcish Mines.
  8752 | D:9      | Reached XP level 10. HP: 79/79 MP: 10/10
  8972 | D:9      | Reached ***** piety under Trog
  9165 | D:10     | Entered Level 10 of the Dungeon
  9174 | D:10     | Reached skill level 5 in Shields
  9185 | D:10     | Reached skill level 8 in Fighting
  9980 | D:11     | Noticed Urug
  9995 | D:11     | Killed Urug
 10239 | D:11     | Noticed a two-headed ogre
 10251 | D:11     | Killed a two-headed ogre
 10251 | D:11     | Gained mutation: You are immune to rotting. [demonic ancestry]
 10251 | D:11     | Reached XP level 11. HP: 56/87 MP: 11/11
 10618 | D:11     | Noticed Fannar
 10631 | D:11     | Killed Fannar
 10824 | D:11     | Noticed a brown ugly thing
 10843 | D:11     | Killed a brown ugly thing
 11246 | D:11     | Received a gift from Trog
 11288 | D:11     | Reached skill level 9 in Fighting
 11726 | D:11     | Noticed a white ugly thing
 11738 | D:11     | Killed a white ugly thing
 11976 | D:11     | Found a staircase to the Lair.
 12289 | D:12     | Reached skill level 1 in Crossbows
 13012 | D:12     | Slain by a manticore

Vault maps used:
D:1:      roderic_octagonal_star
D:2:      lemuel_upstairs_altar, serial_undead, serial_undead_c,
          serial_undead_f, serial_undead_c, serial_undead_b,
          chequers_ecumenical_altar_simple, uniq_crazy_yiuf_cottage
D:3:      first_bread, uniq_grinder
D:4:      kennysheep_slug_shrine
D:5:      grunt_ministairs_15, makhleb_heckhound_becter
D:6:      minmay_misc_feat_roman, uniq_duvessa
D:7:      minmay_temple_entry_trees
D:9:      orc_0_dummy
D:11:     due_lair_maze_entry_diamond, uniq_fannar, uniq_urug
D:12:     minmay_textured_paths, serial_shops, shop, blue_anna_alchemist

Skill      XL: |  1  2  3  4  5  6  7  8  9 10 11 |
---------------+----------------------------------+-----
Armour         | 2 3 4 5 6 7 8 |  8.3
Fighting       | 4 5 6 7 8 9 |  9.1
Long Blades    | 3 5 6 7 |  7.6
Dodging        | 2 3 4 5 6 7 |  7.0
Staves         | 1 3 |  3.8
Stealth        | 1 |  1.5
Shields        | 2 4 6 7 |  7.7
Polearms       | 1 |  1.5
Crossbows      | 2 |  2.4

Action                   |  1- 3 |  4- 6 |  7- 9 | 10-12 || total
-------------------------+-------+-------+-------+-------++-------
Melee: Falchion          |    40 |    50 |   227 |   628 ||   945
       Quarterstaff      |       |    78 |   137 |       ||   215
       Spear             |       |       |   116 |       ||   116
       Kick              |       |       |   124 |   177 ||   301
Invok: Berserk           |     1 |     2 |    10 |    14 ||    27
       Burn Spellbooks   |       |       |     3 |     1 ||     4
  Use: Scroll            |       |       |    12 |     7 ||    19
 Stab: Petrified         |       |     1 |     2 |       ||     3
  Eat: Chunk             |       |     9 |    25 |    12 ||    46
       Bread ration      |       |       |     2 |     2 ||     4
       Fruit             |       |       |     2 |       ||     2
       Royal jelly       |       |       |       |     2 ||     2
Armor: Animal skin       |    10 |     7 |       |       ||    17
       Chain mail        |       |    73 |   167 |       ||   240
       Plate armour      |       |       |    65 |   324 ||   389
Dodge: Dodged            |    35 |    83 |   153 |   206 ||   477
Block: Other             |     7 |    18 |    22 |       ||    47
       Buckler           |       |       |   168 |   419 ||   587
       Rpst.: Falchion   |    12 |     6 |    20 |    46 ||    84

Table legend:
 A = Spawn XP
 B = Non-spawn XP
 C = Spawn XP percentage of total XP
 D = Spawn monster count
 E = Non-spawn monster count
 F = Spawn count percentage of total count
 G = Total turns spent on level
                    A         B        C        D         E        F      G
               +---------+---------+-------+---------+---------+-------+---------
         Total |       0 |   19147 |   0.0 |       0 |     298 |   0.0 | 13012
               +---------+---------+-------+---------+---------+-------+---------
           D:1 |       0 |      24 |   0.0 |       0 |      12 |   0.0 |   986
           D:2 |       0 |     219 |   0.0 |       0 |      19 |   0.0 |  1289
           D:3 |       0 |     518 |   0.0 |       0 |      23 |   0.0 |   774
           D:4 |       0 |     503 |   0.0 |       0 |      26 |   0.0 |  1245
           D:5 |       0 |     573 |   0.0 |       0 |      14 |   0.0 |  1167
           D:6 |       0 |    1090 |   0.0 |       0 |      26 |   0.0 |  1469
           D:7 |       0 |    1154 |   0.0 |       0 |      28 |   0.0 |  1050
           D:8 |       0 |     936 |   0.0 |       0 |      15 |   0.0 |   546
           D:9 |       0 |    2241 |   0.0 |       0 |      25 |   0.0 |   639
          D:10 |       0 |    1356 |   0.0 |       0 |      26 |   0.0 |   785
          D:11 |       0 |    7468 |   0.0 |       0 |      53 |   0.0 |  2232
          D:12 |       0 |    3065 |   0.0 |       0 |      31 |   0.0 |   830
               +---------+---------+-------+---------+---------+-------+---------
